 Dungeon Crawl Stone Soup version 0.29-a0-821-g66395355a5 (webtiles) character file.

Game seed: 5864781882758277519

7875 Nikola2751 the Basher (level 11, -10/95 HPs)
             Began as a Minotaur Fighter on July 7, 2022.
             Was a Priest of Makhleb.
             Mangled by a two-headed ogre
             ... wielding a +0 giant spiked club
              (15 damage)
             ... on level 9 of the Dungeon.
             The game lasted 00:23:47 (8735 turns).

Nikola2751 the Basher (Minotaur Fighter)            Turns: 8735, Time: 00:23:48

Health: -10/95     AC: 18    Str: 25    XL:     11   Next: 2%
Magic:  10/10      EV: 12    Int:  5    God:    Makhleb [***...]
Gold:   435        SH:  4    Dex: 10    Spells: 10/10 levels left

rFire   . . .      SeeInvis .   j - +1 battleaxe
rCold   . . .      Faith    .   (shield currently unavailable)
rNeg    . . .      Spirit   .   x - +7 ring mail "Jann" {rElec Slay+6}
rPois   .          Reflect  .   (helmet restricted)
rElec   +          Harm     .   n - +1 cloak
rCorr   .          Rampage  .   (no gloves)
Will    .....                   (no boots)
Stlth   ++........              (no amulet)
HPRegen 0.25/turn               a - ring of wizardry
MPRegen 0.12/turn               (no ring)

@: studying Long Blades
A: horns 2, retaliatory headbutt, iridescent scales 1, large bone plates 1
a: Renounce Religion, Minor Destruction, Lesser Servant of Makhleb


You were on level 9 of the Dungeon.
You worshipped Makhleb.
Makhleb was most pleased with you.
You visited 1 branch of the dungeon, and saw 9 of its levels.

You collected 435 gold pieces.

Inventory:

Hand Weapons
 j - a +1 battleaxe (weapon)
Missiles
 t - a throwing net (quivered)
Armour
 n - a +1 cloak (worn)
 x - the +7 ring mail "Jann" (worn) {rElec Slay+6}
   (You took it off an orc on level 6 of the Dungeon)

   Slay:      It affects your accuracy & damage with ranged weapons and melee
   (+6).
   rElec:     It insulates you from electricity.
Jewellery
 a - a ring of wizardry (left hand)
 p - an amulet of guardian spirit
 r - a ring of poison resistance
 A - a ring of positive energy
 D - an amulet of regeneration
Wands
 m - a wand of iceblast (17)
 q - a wand of quicksilver (5)
Scrolls
 d - 14 scrolls of identify
 e - 2 scrolls of teleportation
 g - a scroll of blinking
 h - a scroll of amnesia
 k - 3 scrolls of fear
 l - a scroll of fog
 w - a scroll of brand weapon
Potions
 f - 2 potions of brilliance
 i - 4 potions of flight
 v - a potion of degeneration {unknown}
 z - 3 potions of might
 B - a potion of haste {unknown}
 C - 2 potions of lignification {unknown}
 E - 3 potions of heal wounds


   Skills:
 + Level 8.3 Fighting
 + Level 4.9(8.9) Axes
 + Level 11.5(12.0) Maces & Flails
 + Level 8.7 Armour
 + Level 5.5 Dodging
 + Level 4.7 Stealth
 + Level 8.9 Shields


You had 10 spell levels left.
You didn't know any spells.
Your spell library contained the following spells:

 Spells                   Type           Power      Damage    Failure   Level
 Magic Dart               Conj           0%         1d3       28%         1
 Call Imp                 Summ           0%         N/A       41%         2
 Mephitic Cloud           Conj/Pois/Air  0%         N/A       63%         3


Dungeon Overview and Level Annotations

Branches:
Dungeon (9/15)             Temple (0/1) D:5            Lair (0/6) D:8
    Orc (0/2) D:9

Altars:
Dithmenos
Fedhas
Makhleb
Nemelex Xobeh
Trog

Shops:
D:5 =   D:8 *


Innate Abilities, Weirdness & Mutations

You have a pair of horns on your head.
You reflexively headbutt those who attack you in melee.
You are partially covered in iridescent scales. (AC +2)
You are partially covered in large bone plates. (SH +4)


Message History

j - a +1 battleaxe (weapon)
You start removing your amulet.
You continue taking off your amulet of guardian spirit. x4
You finish taking off your amulet of guardian spirit.
You start putting on your amulet.
You continue putting on your amulet of regeneration. x5
You finish putting on your amulet of regeneration.
The amulet cannot attune itself to your injured body.
D - an amulet of regeneration (around neck)
You start removing your amulet.
You continue taking off your amulet of regeneration. x4
You finish taking off your amulet of regeneration.
A two-headed ogre comes into view.
It is wielding two +0 giant spiked clubs.
The two-headed ogre shouts in stereo!
The two-headed ogre hits you with a +0 giant spiked club!!
The two-headed ogre barely misses you.
The two-headed ogre hits you with a +0 giant spiked club!
The two-headed ogre hits you but does no damage.
The two-headed ogre hits you with a +0 giant spiked club!
The two-headed ogre closely misses you.
The two-headed ogre hits you but does no damage.
The two-headed ogre hits you with a +0 giant spiked club!
The two-headed ogre completely misses you.
You furiously retaliate!
You headbutt the two-headed ogre! The two-headed ogre closely misses you.
The two-headed ogre hits you but does no damage.
The two-headed ogre hits you with a +0 giant spiked club.
The two-headed ogre hits you with a +0 giant spiked club!!
* * * LOW HITPOINT WARNING * * *
You block the two-headed ogre's attack. The two-headed ogre barely misses you.
You furiously retaliate!
You headbutt the two-headed ogre!
The two-headed ogre hits you with a +0 giant spiked club.
* * * LOW HITPOINT WARNING * * *
The two-headed ogre closely misses you. You furiously retaliate!
You headbutt the two-headed ogre.
The two-headed ogre hits you with a +0 giant spiked club!
* * * LOW HITPOINT WARNING * * *
The two-headed ogre hits you with a +0 giant spiked club!
You die...

#.......# ###.......
#.......# #......#
#.......# #......#
#.......# #......#
##'###### #####.##
#...# #.# ####'###
#.# #..O...# #.#
#..@...##### #.#
#.[....'...######.##
#......###.........#
#......# ########...
#......# #.##
#<.....# #.#
#......# ####
######'## ####..
#......# #..#..


You could see a two-headed ogre.

Vanquished Creatures
  A boulder beetle (D:7)
  Pikel (D:4)
  An orange demon (D:9)
  2 hornets
  A wyvern (D:8)
  3 yaks (D:8)
  A ynoxinul (D:9)
  Eustachio (D:4)
  2 steam dragons
  2 chaos spawn (D:9)
  A water moccasin (D:5)
  2 sky beasts (D:8)
  5 orc warriors
  2 ice beasts (D:7)
  An ogre (D:4)
  5 centaurs
  A lemure (D:4)
  A kobold brigand (D:8)
  3 bullfrogs
  A gnoll sergeant (D:7)
  3 necrophages
  5 scorpions
  A water moccasin zombie (D:4)
  10 wights
  14 killer bees
  4 howler monkeys
  A gnoll bouda (D:8)
  3 orc priests
  2 hounds
  3 jellies
  4 orc wizards
  An iguana (D:7)
  17 gnolls
  14 adders
  2 white imps (D:5)
  An ufetubus (D:4)
  3 dart slugs
  47 orcs
  7 endoplasms
  5 giant cockroaches
  8 goblins
  A hobgoblin (D:4)
  7 kobolds
  3 quokkas
  8 ball pythons
  11 bats
  6 frilled lizards
  7 rats
235 creatures vanquished.

Vanquished Creatures (collateral kills)
  A smoke demon (D:9)
1 creature vanquished.

Vanquished Creatures (others)
  3 bushes (D:4)
  2 demonic plants (D:9)
  16 fungi
  15 plants
36 creatures vanquished.

Grand Total: 272 creatures vanquished

Notes
Turn   | Place    | Note
-------+----------+-------------------------------------------
     0 | D:1      | Nikola2751 the Minotaur Fighter began the quest for the
                  | Orb.
     0 | D:1      | Reached XP level 1. HP: 19/19 MP: 0/0
   164 | D:1      | Reached XP level 2. HP: 25/27 MP: 1/1
   668 | D:2      | Reached XP level 3. HP: 30/33 MP: 2/2
  1004 | D:2      | Gained mutation: You are partially covered in iridescent
                  | scales. (AC +2) [potion of mutation]
  1004 | D:2      | Gained mutation: You are partially covered in large bone
                  | plates. (SH +4) [potion of mutation]
  1052 | D:2      | Reached XP level 4. HP: 40/40 MP: 3/3
  1218 | D:2      | Reached skill level 1 in Maces & Flails
  2038 | D:3      | Reached XP level 5. HP: 47/47 MP: 4/4
  2140 | D:3      | Reached skill level 1 in Dodging
  2291 | D:4      | Reached skill level 2 in Maces & Flails
  2291 | D:4      | Reached skill level 5 in Armour
  2389 | D:4      | Found a blossoming altar of Fedhas.
  2488 | D:4      | Noticed a lemure
  2488 | D:4      | Noticed a lemure
  2488 | D:4      | Noticed a lemure
  2489 | D:4      | Noticed Pikel
  2498 | D:4      | Noticed a lemure
  2499 | D:4      | Killed a lemure
  2528 | D:4      | Killed Pikel
  2529 | D:4      | Reached skill level 5 in Fighting
  2529 | D:4      | Reached skill level 5 in Maces & Flails
  2529 | D:4      | Reached skill level 1 in Stealth
  2529 | D:4      | Reached XP level 6. HP: 9/56 MP: 5/5
  2529 | D:4      | Reached XP level 7. HP: 10/61 MP: 6/6
  2690 | D:4      | Reached skill level 5 in Shields
  3265 | D:4      | Noticed Eustachio
  3294 | D:4      | Killed Eustachio
  3295 | D:4      | Reached skill level 6 in Maces & Flails
  3508 | D:4      | Reached XP level 8. HP: 63/69 MP: 7/7
  3562 | D:4      | Identified the +6 mace "Zuleyxky" {vorpal, Stlth+}
  3868 | D:5      | Entered Level 5 of the Dungeon
  3891 | D:5      | Found a burning altar of Makhleb.
  3896 | D:5      | Became a worshipper of Makhleb the Destroyer
  4052 | D:5      | Identified the +6 rapier "Kaxin" {elec, rPois Int-4 Dex+3}
  4200 | D:5      | Reached skill level 7 in Maces & Flails
  4315 | D:5      | Found a staircase to the Ecumenical Temple.
  4329 | D:5      | Identified the +2 robe of Qathour {rF- Int-5 SInv Archmagi}
  4376 | D:5      | Found Futogoe's Jewellery Emporium.
  5041 | D:6      | Identified the +7 ring mail "Jann" {rElec Slay+6}
  5049 | D:6      | Reached * piety under Makhleb
  5688 | D:6      | Reached XP level 9. HP: 75/75 MP: 8/8
  5887 | D:7      | Reached skill level 8 in Maces & Flails
  5991 | D:7      | Noticed a boulder beetle
  6005 | D:7      | Killed a boulder beetle
  6135 | D:7      | Reached skill level 9 in Maces & Flails
  6564 | D:7      | Reached ** piety under Makhleb
  6565 | D:7      | Reached XP level 10. HP: 86/86 MP: 9/9
  6975 | D:8      | Found a staircase to the Lair.
  7010 | D:8      | Found a sparkling altar of Nemelex Xobeh.
  7015 | D:8      | Reached skill level 10 in Maces & Flails
  7370 | D:8      | Found a bloodstained altar of Trog.
  7624 | D:8      | Found Pesey's Gadget Gallery.
  7961 | D:9      | Noticed an orange demon
  7969 | D:9      | Killed an orange demon
  7970 | D:9      | Reached skill level 5 in Dodging
  7977 | D:9      | Reached skill level 11 in Maces & Flails
  8252 | D:9      | Found a staircase to the Orcish Mines.
  8370 | D:9      | Found a flagged portal.
  8453 | D:9      | Reached *** piety under Makhleb
  8536 | D:9      | Found a shadowy altar of Dithmenos.
  8682 | D:9      | Noticed a smoke demon
  8688 | D:9      | Killed a smoke demon
  8689 | D:9      | Reached XP level 11. HP: 75/95 MP: 6/10
  8719 | D:9      | Noticed a two-headed ogre
  8735 | D:9      | Mangled by a two-headed ogre

Illustrated notes

Levels and vault maps discovered:
D:1:      dreamdust_arrival_beginning_and_end, layout_basic,
          minmay_small_reverse_x
D:2:      layout_loops_ring, minmay_pentomino_p4
D:3:      layout_loops_corners
D:4:      layout_rooms, fedhas_altar_decomposition, serial_aquarium,
          aquarium_bridge_island_large [aquarium_subvault_large_water,
          aquarium_subvault_window, aquarium_subvault_wall,
          aquarium_subvault_bridge, aquarium_subvault_window],
          aquarium_bridge_square [aquarium_subvault_window,
          aquarium_subvault_window, aquarium_subvault_bridge,
          aquarium_subvault_window], aquarium_window_corridor_3,
          aquarium_window_fake, aquarium_window_corner, aquarium_window_1,
          aquarium_view_2c, aquarium_pool_four, corexii_corridor_pit,
          uniq_eustachio, uniq_pikel
D:5:      layout_basic, lightli_temple_of_fire, minmay_temple_entry_mist,
          serial_shops, shop
D:6:      layout_layer_cave
D:7:      layout_loops_ring, minmay_manual_moon
D:8:      layout_basic, trog_book, nemelex_xobeh_ov_fountains_minmay,
          dpeg_oklobed_lair, nicolae_shop_gadgets
D:9:      layout_roguey [special_room_orc], grunt_dithmenos_smoke_and_mirrors,
          david_orc_2, enter_bailey_1, serial_demonic, serial_demonic_g,
          serial_demonic_e, serial_demonic_e, serial_demonic_a

Skill      XL: |  1  2  3  4  5  6  7  8  9 10 |
---------------+-------------------------------+-----
Shields        | 4 5 6 7 8 |  8.9
Armour         | 4 5 6 7 8 |  8.7
Fighting       | 4 5 6 7 8 |  8.3
Axes           | 3 4 |  4.9
Maces & Flails | 1 5 6 7 9 11 | 11.5
Dodging        | 2 3 4 5 |  5.5
Stealth        | 1 2 3 4 |  4.7

Action                   |  1- 3 |  4- 6 |  7- 9 | 10-12 || total
-------------------------+-------+-------+-------+-------++-------
Melee: War axe           |    32 |       |    16 |       ||    48
       Headbutt          |     8 |    20 |    37 |    26 ||    91
       Whip              |    40 |   114 |    43 |       ||   197
       Mace              |       |       |   130 |   168 ||   298
  Use: Potion            |     6 |       |     4 |     1 ||    11
       Scroll            |     6 |       |     7 |     6 ||    19
 Stab: Sleeping          |       |       |     8 |     3 ||    11
       Distracted        |       |       |     1 |     1 ||     2
Armor: Scale mail        |    16 |       |       |       ||    16
       Ring mail         |    27 |    51 |    56 |    64 ||   198
Dodge: Dodged            |    36 |    23 |    67 |    89 ||   215
Block: Buckler           |    12 |    27 |    82 |    71 ||   192
       Other             |       |       |       |     1 ||     1

Table legend: (Time is in decaauts)
 A = Elapsed time spent in this place.
 B = Non-inter-level travel time spent in this place.
 C = Inter-level travel time spent in this place.
 D = Time resting spent in this place.
 E = Time spent auto-exploring this place.
 F = Levels seen in this place.
 G = Mean time per level.
                   A        B        C        D        E       F      G
               +--------+--------+--------+--------+--------+-----+--------+
         Total |   8736 |   8414 |    322 |    775 |   6199 |   9 |  970.7 |
       Dungeon |   8736 |   8414 |    322 |    775 |   6199 |   9 |  970.7 |
               +--------+--------+--------+--------+--------+-----+--------+

Top non-repeatable levels by time:
     D:4: 1586 daAuts
     D:7: 1035 daAuts
     D:6: 1015 daAuts
     D:5: 993 daAuts
     D:8: 947 daAuts
     D:2: 944 daAuts
     D:9: 853 daAuts
     D:3: 721 daAuts
     D:1: 637 daAuts
